 Dungeon Crawl Stone Soup version 0.17-a0-737-gf0a300a (webtiles) character file.

86 Ngotmuk the Skirmisher (level 4, -4/42 HPs)
             Began as a Naga Fighter on Apr 24, 2015.
             Was an Initiate of Nemelex Xobeh.
             Slain by Crazy Yiuf
             ... wielding a +2 quarterstaff of chaos
              (13 damage)
             ... on level 2 of the Dungeon.
             The game lasted 00:05:25 (1488 turns).

Ngotmuk the Skirmisher (Naga Fighter)               Turns: 1488, Time: 00:05:25

Health: -4/42      AC:  5    Str: 19    XL:     4   Next: 50%
Magic:  5/5        EV:  5    Int:  9    God:    Nemelex Xobeh [......]
Gold:   72         SH:  8    Dex: 10    Spells: 0 memorised, 3 levels left

rFire  . . .     SeeInvis +     a - +0 long sword
rCold  + . .     Clarity  +     b - +0 scale mail
rNeg   . . .     SustAb   .     c - +0 shield
rPois  +         Gourm    .     (no helmet)
rElec  .         Spirit   .     (no cloak)
rCorr  .         Warding  .     (no gloves)
rMut   .         Stasis   .     (no barding)
MR     .....                    n - amulet of clarity
Stlth  ..........               (no ring)
                                s - ring of protection from cold

@: very slightly contaminated, invisible, very slow, not resistant to hostile
enchantments, extremely unstealthy
A: see invisible, deformed body, poison resistance, slowness 2, slow metabolism
1, spit poison 2, AC +1
a: Spit Poison, Renounce Religion


You were on level 2 of the Dungeon.
You worshipped Nemelex Xobeh.
Nemelex Xobeh was noncommittal.
You were not hungry.

You visited 1 branch of the dungeon, and saw 2 of its levels.

You collected 72 gold pieces.

Inventory:

Hand weapons
 a - a +0 long sword (weapon)
Armour
 b - a +0 scale mail (worn)
 c - a +0 shield (worn)
Jewellery
 n - an amulet of clarity (around neck)
 s - a ring of protection from cold (left hand)
Magical devices
 o - a wand of confusion (39)
Scrolls
 j - a scroll of teleportation {unknown}
 m - 2 scrolls of identify {unknown}
 p - a scroll of enchant armour {unknown}
 r - a scroll of fog {unknown}
 u - a scroll of immolation {unknown}
Potions
 d - a potion of might
 f - a potion of mutation {unknown}
 h - 3 potions of restore abilities {unknown}
 k - a potion of lignification {unknown}
 q - a potion of haste {unknown}
 t - a potion of brilliance {unknown}
Miscellaneous
 i - a plain deck of changes {drawn: 1}
 l - a plain deck of destruction {drawn: 2}
Comestibles
 e - 2 bread rations
 g - 2 meat rations


   Skills:
 + Level 3.3 Fighting
 + Level 2.5 Long Blades
 + Level 2.9 Armour
 + Level 2.8 Shields
 + Level 1.8 Evocations


You had 3 spell levels left.
You didn't know any spells.

Dungeon Overview and Level Annotations

Branches:
Dungeon (2/15)

Altars:
Kikubaaqudgha
Nemelex Xobeh

Annotations:
D:2 Crazy Yiuf


Innate Abilities, Weirdness & Mutations

You cannot wear boots.
Your serpentine skin is tough (AC +1).
You have supernaturally acute eyesight.
Armour fits poorly on your strangely shaped body.
Your system is resistant to poisons.
You cover ground very slowly.
You have a slow metabolism.
You can spit poison.


Message History

Your shield and scale mail prevent you from hitting Crazy Yiuf.
Crazy Yiuf is moderately wounded.
Crazy Yiuf yells, "Paint seventy ladder!"
Crazy Yiuf hits you with a quarterstaff of chaos.
You fade into invisibility!
You are very lightly contaminated with residual magic.
You barely miss Crazy Yiuf.
Crazy Yiuf is moderately wounded.
Crazy Yiuf hits you with a quarterstaff of chaos.
You are electrocuted!
* * * LOW HITPOINT WARNING * * *
You barely miss Crazy Yiuf.
Crazy Yiuf is moderately wounded.
Crazy Yiuf closely misses you.
You slash Crazy Yiuf!
Crazy Yiuf is severely wounded.
Crazy Yiuf barely misses you.
Crazy Yiuf hits you with a quarterstaff of chaos!
You die...
Your body disappears without a glow.

..#.##..##...##..###
.....##..##### #..#
########..#
#####..### ####
#.........
######.###
#......#.. ####♣♣
### ######.#.#
##..#.♣♣ ♣♣#..)#
#.#.#
####......♣♣♣♣@g...#
#.#.#
#..........♣..♣#...#
#...#
#.##.#.#..♣)♣♣♣ ###
###.# #.##†###♣♣♣♣♣
#.# ###.##.# #.#
....##.# ##### #..
######.# #<#.# ###
#.# ##<#.# ##### ###
#.# #..#.## #....


You could see Crazy Yiuf.

Vanquished Creatures
  3 gnolls (D:2)
  2 adders (D:2)
  A giant gecko (D:2)
  A giant cockroach (D:2)
  6 hobgoblins
  9 jackals
  6 kobolds
  2 ball pythons
  4 bats
  2 giant newts (D:1)
  4 goblins
  A rat (D:2)
41 creatures vanquished.

Notes
Turn   | Place    | Note
--------------------------------------------------------------
     0 | D:1      | Ngotmuk, the Naga Fighter, began the quest for the Orb.
     0 | D:1      | Reached XP level 1. HP: 21/21 MP: 1/1
    77 | D:1      | Found a sparkling altar of Nemelex Xobeh.
   122 | D:1      | Became a worshipper of Nemelex Xobeh the Trickster
   218 | D:1      | Reached XP level 2. HP: 28/28 MP: 2/2
   311 | D:1      | Received a gift from Nemelex Xobeh
   828 | D:2      | Found an ancient bone altar of Kikubaaqudgha.
   837 | D:2      | Reached skill level 1 in Evocations
   913 | D:2      | Reached XP level 3. HP: 26/34 MP: 3/3
  1016 | D:2      | Reached XP level 4. HP: 32/42 MP: 3/5
  1481 | D:2      | Noticed Crazy Yiuf
  1488 | D:2      | Slain by Crazy Yiuf

Action                   |  1- 3 |  4- 6 || total
-------------------------+-------+-------++-------
Melee: Long sword        |    93 |    49 ||   142
 Abil: Spit Poison       |     3 |     1 ||     4
Evoke: Deck              |     3 |       ||     3
  Eat: Meat ration       |       |     1 ||     1
